 Dungeon Crawl Stone Soup version 0.31-a0-198-g2ad674f65e (webtiles) character file.

Game seed: 16981663261124597698

55 qw the Shooter (level 3, -4/20 HPs)
             Began as a Deep Elf Hunter on June 25, 2023.
             Slain by Sigmund
             ... wielding a +4 scythe of flaming
              (11 damage)
             ... on level 2 of the Dungeon.
             The game lasted 00:00:25 (1181 turns).

qw the Shooter (Deep Elf Hunter)                    Turns: 1181, Time: 00:00:26

Health: -4/20      AC:  3    Str: 10    XL:     3   Next: 67%
Magic:  5/5        EV: 12    Int: 13    God:
Gold:   51         SH:  0    Dex: 18    Spells: 2/2 levels left

rFire   . . .        Y - +0 shortbow
rCold   . . .        (shield currently unavailable)
rNeg    . . .        c - +0 leather armour
rPois   .            (no helmet)
rElec   .            (no cloak)
rCorr   .            (no gloves)
SInv    .            (no boots)
Will    .....        (no amulet)
Stlth   ++           (no ring)
HPRegen 0.23/turn    (no ring)
MPRegen 0.09/turn

%: no passive effects
@: no status effects
A: no striking features
a: no special abilities


You were on level 2 of the Dungeon.
You visited 1 branch of the dungeon, and saw 2 of its levels.

You collected 51 gold pieces.


   Skills:
 - Level 1.5 Fighting
 + Level 7.2 Ranged Weapons
 - Level 2.4 Dodging
 - Level 1.2 Stealth


You had 2 spell levels left.
You didn't know any spells.
Your spell library was empty.

Inventory:

Hand Weapons
 Y - a +0 shortbow (weapon)
Armour
 b - a +0 scale mail
 c - a +0 leather armour (worn)
Scrolls
 a - a scroll of identify
 i - 2 scrolls of teleportation
Potions
 f - a potion of attraction {unknown}
 g - 2 potions of curing {unknown}
 l - a potion of mutation {unknown}
 n - a potion of berserk rage {unknown}

Dungeon Overview and Level Annotations

Branches:
Dungeon (2/15)

Altars:
The Shining One

Shops:
D:2 [

Annotations:
D:2 Sigmund


Message History

Enter note:
Enter note:
Enter note:
Enter note:
Enter note:
Enter note:
Enter note:
Enter note: Sigmund the Dreaded comes into view.
He is wielding a +4 scythe of flaming.
Sigmund shouts!
Enter note:
Enter note:
Enter note:
Enter note:
Enter note:
Enter note:
Enter note:
Enter note:
Enter note:
Enter note:
Enter note:
Enter note: You shoot an arrow.
The arrow hits Sigmund.
Sigmund is lightly wounded.
Sigmund casts a spell at you.
You are confused.
Sigmund hits you from afar with a +4 scythe of flaming!
Sigmund burns you.
A hobgoblin comes into view.
Sigmund hits you from afar with a +4 scythe of flaming.
Sigmund burns you.
Sigmund flickers, as though insubstantial.
Sigmund barely misses you.
You feel less confused.
You shoot an arrow.
The arrow hits Sigmund but does no damage.
Sigmund is lightly wounded.
Sigmund hits you from afar with a +4 scythe of flaming!
Ouch! That really hurt!
You die...

#.# .#. #.# ##.### . .
#.# #..... ## # #.#
#...## #.# .....# #.#
########...#
#.###.......@g#
#.........##..##.#
#####.###...@....# #.#
####..####
#.######..... #.....
...##############
##...# ##.# #........#
####...####.#
#.######.#
#.........#.# ##.####
#.#
#.........#.####.....#
#.#
#.<...............##.#
#.#


You could see Sigmund and a hobgoblin.

Vanquished Creatures
  A gnoll (D:1)
  2 adders (D:2)
  A dart slug (D:1)
  3 ball pythons
  5 endoplasms (D:2)
  3 goblins
  3 hobgoblins
  2 quokkas (D:1)
  3 frilled lizards
  2 kobolds
25 creatures vanquished.

Notes
Turn   | Place    | Note
-------+----------+-------------------------------------------
     0 | D:1      | qw the Deep Elf Hunter began the quest for the Orb.
     0 | D:1      | Reached XP level 1. HP: 12/12 MP: 3/3
     0 | D:1      | 0 ||| qw: Version: 0.3-a-22-g0ed2b0b
     0 | D:1      | 0 ||| qw: Game counter: 5067
     0 | D:1      | 0 ||| qw: Melee chars always use a shield: true
     0 | D:1      | 0 ||| qw: God list: Okawaru
     0 | D:1      | 0 ||| qw: Allow faded altars: false
     0 | D:1      | 0 ||| qw: Do Orc after clearing Dungeon:15 true
     0 | D:1      | 0 ||| qw: Do second Lair branch before Depths: true
     0 | D:1      | 0 ||| qw: Lair rune preference: random
     0 | D:1      | 0 ||| qw: Goals: Normal
     0 | D:1      | 0 ||| PLANNING D:1-11
    17 | D:1      | Reached skill level 6 in Ranged Weapons
    17 | D:1      | Reached XP level 2. HP: 16/16 MP: 4/4
   481 | D:1      | 481 ||| DROPPING +6 ring of intelligence.
   482 | D:1      | 482 ||| READING 2 scrolls labelled PINER YREZONTOCAS.
   483 | D:1      | 483 ||| READING scroll labelled NYEBET WURE.
   484 | D:1      | 484 ||| READING 3 scrolls labelled HIDAIKLYZOK.
   489 | D:1      | 489 ||| READING scroll labelled BEBIZUY HIED.
   490 | D:1      | 490 ||| READING scroll labelled GANTUO JOMICLA.
   491 | D:1      | 491 ||| DRINKING 2 fuming green potions.
   492 | D:1      | 492 ||| DROPPING scroll of butterflies.
   493 | D:1      | 493 ||| DROPPING potion of brilliance.
   528 | D:2      | Found Impaorph's Armour Shop.
   538 | D:2      | 538 ||| SHOPLISTING +0 cloak (49 gold, have 31).
   538 | D:2      | 538 ||| SHOPLISTING +0 helmet of intelligence (126 gold,
                  | have 31).
   538 | D:2      | 538 ||| SHOPLISTING +0 pair of boots (49 gold, have 31).
   538 | D:2      | 538 ||| SHOPLISTING +0 scale mail (44 gold, have 31).
   658 | D:2      | Reached XP level 3. HP: 20/20 MP: 5/5
   809 | D:2      | Reached skill level 7 in Ranged Weapons
   811 | D:2      | Found a faded altar of an unknown god.
   928 | D:2      | Found a glowing golden altar of the Shining One.
  1173 | D:2      | Noticed Sigmund
  1181 | D:2      | Slain by Sigmund

Levels and vault maps discovered:
D:1:      amcnicky_arrival_underground_garden, layout_basic
D:2:      layout_loops_corners, shapermc_ecumenical_altar_mp_urbaneastern,
          basic_altar, serial_shops, nicolae_lakefront_shop, uniq_sigmund

Skill      XL: |  1  2  3 |
---------------+----------+-----
Ranged Weapons | 6 7 |  7.2
Fighting       | |  1.5
Dodging        | |  2.4
Stealth        | |  1.2

Action                     || total
---------------------------++-------
   Fire: Shortbow          ||    82
    Use: Scroll            ||     5
         Potion            ||     1
 Armour: Leather armour    ||     1
  Dodge: Dodged            ||    14

Table legend:
 A = Non-vault XP
 B = Vault XP
 C = Vault XP percentage of total XP
 D = Non-vault monster count
 E = Vault monster count
 F = Vault count percentage of total count
                 A         B        C        D         E       F
            +---------+---------+-------+---------+---------+-------
      Total |      79 |       0 |   0.0 |      25 |       0 |   0.0
            +---------+---------+-------+---------+---------+-------
        D:1 |      34 |       0 |   0.0 |      12 |       0 |   0.0
        D:2 |      45 |       0 |   0.0 |      13 |       0 |   0.0
            +---------+---------+-------+---------+---------+-------
